 Dungeon Sprint DCSS version 0.27-a0-926-g0e6d9124c6 (webtiles) character file.

Game seed: 5612037686156152949

1505 Gezukamaru the Imperceptible (level 8, -2/43 HPs)
             Began as a Spriggan Enchanter on Apr 10, 2021.
             Was an Initiate of Dithmenos.
             Slain by a centaur warrior (3 damage)
             ... in the Dungeon (Sprint I: "Red Sonja").
             The game lasted 00:05:40 (504 turns).

Gezukamaru the Imperceptible (Spriggan Enchanter)    Turns: 504, Time: 00:05:41

Health: -2/43      AC:  2    Str:  4    XL:     8   Next: 52%
Magic:  9/13       EV: 19    Int: 17    God:    Dithmenos [......]
Gold:   472        SH:  0    Dex: 17    Spells: 7/12 levels left

rFire    . . .     SeeInvis +   a - +1 dagger
rCold    . . .     Faith    .   (shield restricted)
rNeg     . . .     Spirit   .   b - +0 robe
rPois    .         Reflect  .   (helmet restricted)
rElec    .         Harm     .   (no cloak)
rCorr    .         Rampage  .   (gloves unavailable)
Will     +....     NoTele   +   (boots unavailable)
Stlth    ++++......             (no amulet)
HPRegen  0.14/turn              (no ring)
MPRegen  0.13/turn              (no ring)

@: slow
A: very small, no large weapons, unfitting armour, see invisible, speed 3
a: Renounce Religion


You were in the Dungeon.
You worshipped Dithmenos.
Dithmenos was noncommittal.
You visited 1 branch You collected 752 gold pieces.
You spent 280 gold pieces at shops.

Inventory:

Hand Weapons
 a - a +1 dagger (weapon)
Missiles
 c - 6 curare-tipped darts
Armour
 b - a +0 robe (worn)
Scrolls
 f - a scroll of identify {unknown}
 i - a scroll of blinking
Potions
 d - 5 potions of curing
 e - a potion of heal wounds
 g - 3 potions of magic


   Skills:
 - Level 5.0 Fighting
 - Level 5.0 Short Blades
 - Level 5.0 Dodging
 + Level 22.6 Stealth
 - Level 2.6 Spellcasting
 - Level 5.0 Hexes
 + Level 0.0 Translocations
 - Level 3.0 Ice Magic


You had 7 spell levels left.
You knew the following spells:

 Your Spells              Type           Power      Damage    Failure   Level
a - Corona                Hex            21%        N/A       2%          1
b - Ensorcelled Hibernat  Hex/Ice        30%        N/A       5%          2
c - Blink                 Tloc           N/A        N/A       26%         2

Your spell library contained the following spells:

 Spells                   Type           Power      Damage    Failure   Level
 Slow                     Hex            19%        N/A       3%          2
 Confusing Touch          Hex            19%        N/A       7%          3
 Tukima's Dance           Hex            19%        N/A       7%          3
 Magic Dart               Conj           8%         1d3       19%         1
 Dazzling Flash           Conj/Hex       20%        N/A       19%         3
 Call Imp                 Summ           2%         N/A       26%         2
 Conjure Flame            Conj/Fire      2%         6-21      47%         3
 Mephitic Cloud           Conj/Pois/Air  2%         N/A       47%         3


Dungeon Overview and Level Annotations

Branches:
Dungeon (1/1)

Altars:
Cheibriados
Dithmenos
Elyvilon
Fedhas
Gozag
Hepliaklqana
Kikubaaqudgha
Nemelex Xobeh
Okawaru
Qazlal
Ru
Sif Muna
Trog
Uskayaw
Vehumet
Wu Jian
Yredelemnul
Zin
The Shining One

Shops:
D :?[


Innate Abilities, Weirdness & Mutations

You are very small and have problems with some larger weapons.
You are too small for most types of armour.
You have supernaturally acute eyesight. (SInv)
You cover ground extremely quickly. (Speed+++)


Message History

Cast which spell? (? or * to list)
Okay, then.
There is an open door here.
There is an open door here.
You open the door.
Found 25 gold pieces.
Found 6 gold pieces.
There is an open door, spattered with blood here.
You now have 456 gold pieces (gained 15).
You now have 462 gold pieces (gained 6).
You now have 468 gold pieces (gained 6).
You now have 472 gold pieces (gained 4).
You open the door.
A centaur warrior comes into view.
The centaur warrior moves out of view.
There is an open door here.
You enter the shallow water.
Moving in this stuff is going to be slow.
A centaur warrior comes into view.
The centaur warrior shouts! x2
The centaur warrior hits you!
The centaur warrior kicks you but does no damage.
The centaur warrior hits you. The centaur warrior kicks you.
Cast which spell? (? or * to list)
Aiming: Ensorcelled Hibernation (safe; 5% risk of failure)
Press: ? - help, Shift-Dir - straight line, f - centaur warrior
Aim: a centaur warrior, quivering arrows (purple smoke, chance to affect: 28%)
The centaur warrior easily resists.
The centaur warrior hits you!
The centaur warrior kicks you but does no damage.
The centaur warrior misses you. The centaur warrior kicks you.
Found a club and a leather armour.
Casting: Ensorcelled Hibernation (safe; 5% risk of failure)
Confirm with . or Enter, or press ? or * to list all spells.
Aiming: Ensorcelled Hibernation (safe; 5% risk of failure)
Press: ? - help, Shift-Dir - straight line, f - centaur warrior, p - centaur warrior
Aim: a centaur warrior, quivering arrows (chance to affect: 28%)
The centaur warrior easily resists.
The centaur warrior hits you!
* * * LOW HITPOINT WARNING * * *
The centaur warrior barely misses you. x2; The centaur warrior kicks you.
You die...

##############
.#..'..#.)'..#
.').#.)'..#..+
.#####'#####'# ##
.####..#...#(####)§#
.#__####..##.#§§§§§#
.#_____##'#_.+≈§§c§+
⌠#_.∩..†'..._#≈§@c§#
##_..__##_.#+##§####
#_____###'# #..§.###
##########.####'###.##
........'...'.....'.∩#
#++++####.).##########
###.### #.#'#.#
#.....#


You could see 2 centaur warriors.

Vanquished Creatures
  Sonja (D)
  A deep troll (D)
  Sigmund (D)
  A yak (D)
  An ogre (D)
  A jelly (D)
  Ijyb (D)
  A ballistomycete spore (D)
8 creatures vanquished.

Vanquished Creatures (others)
  A ballistomycete spore (D)
1 creature vanquished.

Grand Total: 9 creatures vanquished

Notes
Turn   | Place    | Note
-------+----------+-------------------------------------------
     0 | D        | Gezukamaru the Spriggan Enchanter began the quest for the
                  | Orb.
     0 | D        | Reached XP level 1. HP: 9/9 MP: 5/5
     1 | D        | Noticed Ijyb
    16 | D        | Killed Ijyb
    17 | D        | Reached skill level 10 in Stealth
    17 | D        | Reached XP level 2. HP: 13/13 MP: 6/6
    72 | D        | Noticed an ogre
    75 | D        | Killed an ogre
    76 | D        | Reached skill level 14 in Stealth
    76 | D        | Reached XP level 3. HP: 16/16 MP: 8/8
    76 | D        | Reached XP level 4. HP: 21/21 MP: 9/9
    84 | D        | Noticed Sigmund
    87 | D        | Killed Sigmund
    88 | D        | Reached skill level 17 in Stealth
    88 | D        | Reached XP level 5. HP: 24/24 MP: 10/10
   100 | D        | Found an ornate altar of the Wu Jian Council.
   100 | D        | Found a shimmering blue altar of Sif Muna.
   102 | D        | Found a radiant altar of Vehumet.
   107 | D        | Reached skill level 1 in Fighting
   107 | D        | Reached skill level 18 in Stealth
   107 | D        | Reached XP level 6. HP: 30/30 MP: 11/11
   141 | D        | Learned a level 2 spell: Ensorcelled Hibernation
   141 | D        | Found Tehune Gass's Magic Scroll Emporium.
   141 | D        | Found an ancient bone altar of Kikubaaqudgha.
   141 | D        | Found a hazy altar of Hepliaklqana.
   141 | D        | Found a stormy altar of Qazlal.
   141 | D        | Found a hide-covered altar of Uskayaw.
   141 | D        | Found a blossoming altar of Fedhas.
   141 | D        | Found a bloodstained altar of Trog.
   141 | D        | Found an iron altar of Okawaru.
   141 | D        | Found a basalt altar of Yredelemnul.
   141 | D        | Found a glowing golden altar of the Shining One.
   141 | D        | Found a snail-covered altar of Cheibriados.
   141 | D        | Found a sacrificial altar of Ru.
   141 | D        | Found a glowing silver altar of Zin.
   141 | D        | Found a shadowy altar of Dithmenos.
   141 | D        | Found a white marble altar of Elyvilon.
   141 | D        | Noticed a yak
   142 | D        | Found an opulent altar of Gozag.
   143 | D        | Killed a yak
   144 | D        | Reached skill level 5 in Dodging
   144 | D        | Reached skill level 5 in Hexes
   144 | D        | Found a sparkling altar of Nemelex Xobeh.
   151 | D        | Became a worshipper of Dithmenos the Shadowed
   161 | D        | Noticed Sonja
   165 | D        | Killed Sonja
   166 | D        | Reached skill level 5 in Fighting
   166 | D        | Reached skill level 21 in Stealth
   166 | D        | Reached XP level 7. HP: 39/39 MP: 12/12
   166 | D        | Reached XP level 8. HP: 43/43 MP: 13/13
   428 | D        | Noticed a deep troll
   432 | D        | Killed a deep troll
   433 | D        | Reached skill level 5 in Short Blades
   433 | D        | Reached skill level 22 in Stealth
   438 | D        | Found Ydar's Armour Emporium.
   461 | D        | Found Gaularuh's Book Boutique.
   469 | D        | Bought a book of Minor Magic for 280 gold pieces
   472 | D        | Learned a level 2 spell: Blink
   501 | D        | Noticed a centaur warrior
   502 | D        | Noticed a centaur warrior
   504 | D        | HP: 1/43 [centaur warrior (15)]
   504 | D        | Slain by a centaur warrior

Illustrated notes

Levels and vault maps discovered:
D:        dungeon_sprint_1 [red_sonja_temple_1, red_sonja_temple_small_1]

Skill      XL: |  1  2  3  4  5  6  7  8 |
---------------+-------------------------+-----
Stealth        | 10 14 17 18 21 22 | 22.6
Fighting       | 1 5 |  5.0
Dodging        | 3 5 |  5.0
Hexes          | 4 5 |  5.0
Ice Magic      | 3 |  3.0
Short Blades   | 5 |  5.0
Spellcasting   | |  2.6

Action                   |  1- 3 |  4- 6 |  7- 9 || total
-------------------------+-------+-------+-------++-------
Melee: Dagger            |    14 |     4 |     2 ||    20
 Cast: Ensorcelled Hiber |       |       |     2 ||     2
  Use: Potion            |     2 |       |       ||     2
 Stab: Sleeping          |     1 |     4 |     2 ||     7
Armor: Robe              |       |       |     2 ||     2
Dodge: Dodged            |     6 |       |     3 ||     9

Table legend: (Time is in decaauts)
 A = Elapsed time spent in this place.
 B = Non-inter-level travel time spent in this place.
 C = Inter-level travel time spent in this place.
 D = Time resting spent in this place.
 E = Time spent auto-exploring this place.
 F = Levels seen in this place.
 G = Mean time per level.
                   A        B        C        D        E       F      G
               +--------+--------+--------+--------+--------+-----+--------+
         Total |    436 |    436 |      0 |    274 |      0 |   1 |  436.0 |
       Dungeon |    436 |    436 |      0 |    274 |      0 |   1 |  436.0 |
               +--------+--------+--------+--------+--------+-----+--------+

Top non-repeatable levels by time:
       D: 436 daAuts
